 Dungeon Crawl Stone Soup version 0.29-a0-1043-g569b05d6ff (webtiles) character file.

Game seed: 17441595561360395847

13752 ytrimaz the Martial Artist (level 11, -1/97 HPs)
             Began as a Demonspawn Transmuter on Aug 16, 2022.
             Was an Initiate of Gozag.
             Slain by a boulder beetle (19 damage)
             ... on level 11 of the Dungeon.
             The game lasted 00:14:00 (12225 turns).

ytrimaz the Martial Artist (Demonspawn Transmuter) Turns: 12225, Time: 00:14:00

Health: -1/97      AC: 11    Str: 10    XL:     11   Next: 79%
Magic:  30/30      EV: 12    Int: 19    God:    Gozag
Gold:   1061       SH:  4    Dex: 14    Spells: 14/24 levels left

rFire   . . .      SeeInvis .     - Unarmed
rCold   + + +      Faith    .   (shield currently unavailable)
rNeg    . . .      Spirit   .   (body armour currently unavailable)
rPois   +          Reflect  .   (helmet currently unavailable)
rElec   +          Harm     .   (cloak currently unavailable)
rCorr   +          Rampage  .   (gloves currently unavailable)
Will    .....                   (boots currently unavailable)
Stlth   +.........              (no amulet)
HPRegen 0.26/turn               h - +4 ring of protection
MPRegen 0.22/turn               m - ring of magical power

@: brilliant, ice-form, resistant, hasted, very quick
A: freezing attack, amphibious, boosted hp, large, (slimy green scales 3), foul
stench 1, condensation shield, (demonic touch 1)
a: End Transformation, Renounce Religion, Potion Petition, Call Merchant, Bribe
Branch


You were on level 11 of the Dungeon.
You worshipped Gozag.
Gozag was most pleased with you.
You were a creature of crystalline ice.
You visited 2 branches of the dungeon, and saw 12 of its levels.

You collected 1991 gold pieces.
You spent 150 gold pieces at shops.
You paid 780 gold pieces to Gozag.

Inventory:

Missiles
 t - 2 throwing nets
Armour
 r - a +2 pair of boots (melded)
 A - a +2 robe of willpower (melded)
Jewellery
 h - a +4 ring of protection (left front paw)
 m - a ring of magical power (right front paw)
Wands
 a - a wand of flame (12)
 g - a wand of light (10)
 v - a wand of digging (5)
Scrolls
 c - 3 scrolls of enchant armour
 i - 3 scrolls of fog
 k - a scroll of fear
 l - 2 scrolls of teleportation
 p - 2 scrolls of blinking
 s - 4 scrolls of enchant weapon
 w - a scroll of silence
 y - 4 scrolls of amnesia
 B - a scroll of immolation
 C - 3 scrolls of identify
Potions
 b - a potion of lignification
 d - 6 potions of curing
 e - a potion of heal wounds
 f - 2 potions of haste
 j - 3 potions of attraction
 n - a potion of resistance
 o - 2 potions of ambrosia
 u - a potion of cancellation
 x - a potion of brilliance
 z - a potion of magic


   Skills:
 - Level 6.3 Fighting
 - Level 6.0 Dodging
 - Level 0.7 Shields
 + Level 13.2 Unarmed Combat
 - Level 7.0 Spellcasting
 - Level 8.0 Transmutations
 - Level 0.3 Poison Magic


You had 14 spell levels left.
You knew the following spells:

 Your Spells              Type           Power      Damage    Failure   Level
a - Beastly Appendage     Tmut           100%       N/A       1%          1
b - Wereblood             Tmut           53%        N/A       1%          2
c - Spider Form           Tmut/Pois      33%        N/A       5%          3
d - Ice Form              Ice/Tmut       33%        N/A       19%         4

Your spell library contained the following spells:

 Spells                   Type           Power      Damage    Failure   Level
 Summon Small Mammal      Summ           40%        N/A       10%         1
 Static Discharge         Conj/Air       10%        3-5/arc   16%         2
 Call Canine Familiar     Summ           10%        N/A       30%         3
 Gell's Gravitas          Tloc           10%        N/A       30%         3
 Lesser Beckoning         Tloc           10%        N/A       30%         3
 Portal Projectile        Hex/Tloc       20%        N/A       30%         3
 Summon Guardian Golem    Hex/Summ       10%        N/A       30%         3
 Teleport Other           Tloc           10%        N/A       30%         3
 Dispel Undead            Necr           10%        3d9       69%         4
 Leda's Liquefaction      Hex/Erth       5%         N/A       69%         4
 Sticky Flame             Conj/Fire      10%        2d3       69%         4
 Lee's Rapid Deconstruct  Erth           5%         3d7*      95%         5
 Statue Form              Tmut/Erth      21%        N/A       96%         6


Dungeon Overview and Level Annotations

Branches:
Dungeon (11/15)            Temple (1/1) D:4            Lair (0/5) D:10
    Orc (0/2) D:11

Altars:
Ashenzari
Cheibriados
Dithmenos
Fedhas
Gozag
Hepliaklqana
Kikubaaqudgha
Makhleb
Nemelex Xobeh
Okawaru
Qazlal
Ru
Sif Muna
Trog
Uskayaw
Vehumet
Wu Jian
Xom
Yredelemnul

Shops:
D:3 ?


Innate Abilities, Weirdness & Mutations

You are a creature of crystalline ice.
You have a powerful freezing melee attack.
You are amphibious.
Your maximum health is increased.
Your armour is entirely melded.
You are incapable of wielding weapons or throwing items.
((You are completely covered in slimy green scales. (AC +4, rPois)))
You may rarely emit foul miasma when damaged in melee.
A meltable shield of frost defends you. (SH +4)
((Your touch may inflict minor irresistible damage on your foes.))


Message History

You hit the boulder beetle but do no damage.
The boulder beetle is heavily wounded.
Unknown command.
You hit the boulder beetle but do no damage.
The boulder beetle is heavily wounded.
You block the boulder beetle's attack.
You feel much better.
You block the boulder beetle's attack. [a] - 216 gold - might and brilliance [b] - 378 gold - resistance and invisibility [c] - 600 gold - haste, brilliance and resistance Purchase which effect?
You feel yourself speed up.
You feel clever all of a sudden.
You feel protected. The boulder beetle closely misses you.
You hit the boulder beetle but do no damage.
The boulder beetle is heavily wounded.
The boulder beetle leaps!
Unknown command.
The boulder beetle curls into a ball and begins rolling!
The boulder beetle barely misses you.
The boulder beetle stops rolling and uncurls.
You see here 4 stones.
You hit the boulder beetle but do no damage.
The boulder beetle is moderately wounded.
You hit the boulder beetle. You freeze the boulder beetle.
The boulder beetle is heavily wounded.
The boulder beetle bites you!!
* * * LOW HITPOINT WARNING * * *
You punch the boulder beetle! You freeze the boulder beetle.
The boulder beetle is severely wounded.
You punch the boulder beetle! You freeze the boulder beetle.
The boulder beetle is almost dead.
The boulder beetle bites you but does no damage.
You hit the boulder beetle. You freeze the boulder beetle.
The boulder beetle is almost dead.
You hit the boulder beetle but do no damage.
The boulder beetle is almost dead.
The boulder beetle bites you!!
You die...
Your body crumbles into a pile of gold.

##### ####
.##....##..##########
...........+........
#.........#....... .
#....##.$##.....#
..##....##..##.....#####
...........>.#.....##^.#
.............$$.........
.##..BY##).##.....##...
#....##.$##.....##..#
#...$.....#.....##..#
#..!.$$...#.....##..#
##...##..##.....##..#
#...##..####'####..#
#.......#.......#..#
#.......#......###+#
#...##..####+### ..#


You could see a boulder beetle.

Vanquished Creatures
  Erica (D:8)
  2 boulder beetles
  2 two-headed ogres
  Pikel (D:5)
  2 manticores (D:11)
  A gargoyle (D:10)
  A komodo dragon (D:10)
  2 unseen horrors
  A troll (D:10)
  Prince Ribbit (D:5)
  A hornet (D:7)
  Sigmund (D:2)
  A shadow (D:10)
  Eustachio (D:5)
  A wyvern (D:7)
  A human (shapeshifter) (D:9)
  A steam dragon (D:7)
  17 yaks
  2 vampire mosquitoes (D:11)
  2 water moccasins
  6 orc warriors
  2 sky beasts
  An ice beast (D:4)
  4 centaurs
  A lemure (D:5)
  3 kobold brigands
  3 phantoms
  A bullfrog (D:7)
  A gnoll sergeant (D:6)
  A scorpion (D:5)
  5 wights (D:7)
  7 killer bees
  6 howler monkeys
  2 hounds
  A jelly (D:4)
  12 orc priests
  Terence (D:2)
  2 iguanas (D:5)
  5 orc wizards
  Robin (D:2)
  14 adders
  7 gnolls (D:6)
  A shadow imp (D:8)
  2 white imps
  4 ufetubi
  A worm (D:2)
  2 dart slugs
  38 orcs
  3 endoplasms
  2 giant cockroaches (D:3)
  16 goblins
  8 hobgoblins
  7 jackals
  3 quokkas
  6 ball pythons
  A bat (D:2)
  4 frilled lizards
  12 kobolds
  4 rats
242 creatures vanquished.

Vanquished Creatures (others)
  A fungus (D:1)
  41 plants (D:10)
42 creatures vanquished.

Grand Total: 284 creatures vanquished

Notes
Turn   | Place    | Note
-------+----------+-------------------------------------------
     0 | D:1      | ytrimaz the Demonspawn Transmuter began the quest for the
                  | Orb.
     0 | D:1      | Reached XP level 1. HP: 15/15 MP: 3/3
   187 | D:1      | Found a faded altar of an unknown god.
   213 | D:1      | Gained mutation: You are partially covered in slimy green
                  | scales. (AC +2) [demonic ancestry]
   213 | D:1      | Reached XP level 2. HP: 14/21 MP: 3/5
   218 | D:1      | Reached skill level 3 in Unarmed Combat
   997 | D:2      | Learned a level 2 spell: Wereblood
  1119 | D:2      | Reached XP level 3. HP: 26/26 MP: 4/6
  1266 | D:2      | Noticed Robin
  1312 | D:2      | Killed Robin
  1326 | D:2      | Reached XP level 4. HP: 31/32 MP: 3/8
  1681 | D:2      | Noticed Terence
  1701 | D:2      | Killed Terence
  1909 | D:2      | Noticed Sigmund
  1933 | D:1      | Learned a level 3 spell: Spider Form
  1954 | D:2      | Killed Sigmund
  1955 | D:2      | Reached skill level 4 in Unarmed Combat
  1955 | D:2      | Gained mutation: A meltable shield of frost defends you.
                  | (SH +4) [demonic ancestry]
  1955 | D:2      | Reached XP level 5. HP: 24/37 MP: 7/10
  1955 | D:2      | Reached XP level 6. HP: 28/43 MP: 7/11
  2418 | D:3      | Found Uti Viacw's Magic Scroll Boutique.
  2604 | D:3      | Bought a scroll of identify for 20 gold pieces
  2604 | D:3      | Bought a scroll of identify for 20 gold pieces
  2604 | D:3      | Bought a scroll of identify for 20 gold pieces
  2604 | D:3      | Bought a scroll of identify for 20 gold pieces
  2604 | D:3      | Bought a scroll of identify for 20 gold pieces
  2604 | D:3      | Bought a scroll of identify for 20 gold pieces
  2604 | D:3      | Bought a scroll of teleportation for 30 gold pieces
  3555 | D:4      | Noticed an ice beast
  3569 | D:4      | Killed an ice beast
  3570 | D:4      | Reached skill level 5 in Unarmed Combat
  3570 | D:4      | Gained mutation: Your touch may inflict minor irresistible
                  | damage on your foes. [demonic ancestry]
  3570 | D:4      | Reached XP level 7. HP: 33/48 MP: 13/13
  3703 | D:4      | Found a staircase to the Ecumenical Temple.
  3773 | D:4      | Gained mutation: You may rarely emit foul miasma when
                  | damaged in melee. [demonic ancestry]
  3773 | D:4      | Reached XP level 8. HP: 64/64 MP: 18/18
  3862 | D:4      | Learned a level 4 spell: Ice Form
  4348 | Temple   | Entered the Ecumenical Temple
  4711 | D:5      | Entered Level 5 of the Dungeon
  4714 | D:5      | Noticed Eustachio
  4735 | D:5      | Killed Eustachio
  4854 | D:5      | Noticed Pikel
  4867 | D:5      | Killed Pikel
  4979 | D:5      | Gained mutation: You are mostly covered in slimy green
                  | scales. (AC +3) [demonic ancestry]
  4979 | D:5      | Reached XP level 9. HP: 69/69 MP: 19/19
  5263 | D:5      | Noticed Prince Ribbit
  5279 | D:5      | Reached skill level 6 in Unarmed Combat
  5289 | D:5      | Killed Prince Ribbit
  5522 | D:5      | Identified a scroll of acquirement
  6624 | D:7      | Reached skill level 7 in Unarmed Combat
  6802 | D:7      | Reached skill level 8 in Unarmed Combat
  7167 | D:7      | Gained mutation: You are completely covered in slimy green
                  | scales. (AC +4, rPois) [demonic ancestry]
  7167 | D:7      | Reached XP level 10. HP: 76/76 MP: 20/20
  7787 | D:8      | Noticed Erica
  7810 | D:8      | Killed Erica
  7881 | D:8      | Reached skill level 9 in Unarmed Combat
  8932 | D:9      | You fall into a shaft and drop 1 floor!
  8932 | D:10     | Entered Level 10 of the Dungeon
  8935 | D:10     | Noticed a gargoyle
  8945 | D:10     | Noticed a boulder beetle
  8965 | D:10     | Killed a boulder beetle
  9029 | D:9      | Reached skill level 10 in Unarmed Combat
  9692 | D:10     | Noticed a two-headed ogre
  9717 | D:10     | Killed a two-headed ogre
  9993 | D:10     | Reached XP level 11. HP: 81/81 MP: 21/21
 10002 | D:10     | Reached skill level 11 in Unarmed Combat
 10504 | D:10     | Found a staircase to the Lair.
 10695 | D:10     | Found an opulent altar of Gozag.
 10756 | D:10     | Found a sacrificial altar of Ru.
 10804 | D:10     | Became a worshipper of Gozag Ym Sagoz the Greedy
 10806 | D:10     | Acquired 1259 gold pieces
 10959 | D:10     | Reached skill level 12 in Unarmed Combat
 11187 | D:11     | Noticed a two-headed ogre
 11194 | D:11     | Killed a two-headed ogre
 11606 | D:11     | Noticed a boulder beetle
 11724 | D:11     | Noticed a boulder beetle
 12165 | D:11     | Found a staircase to the Orcish Mines.
 12181 | D:11     | Reached skill level 13 in Unarmed Combat
 12197 | D:11     | Killed a boulder beetle
 12225 | D:11     | Slain by a boulder beetle

Illustrated notes

Levels and vault maps discovered:
D:1:      dpeg_arrival_radiant, layout_rooms, dreamdust_ecumenical_altar_grove,
          st_stairs_11
D:2:      layout_loops_corners, uniq_sigmund, uniq_robin, uniq_terence
D:3:      layout_basic, serial_shops, nicolae_shop_crystal
D:4:      layout_basic, minmay_temple_entry_hall
D:5:      layout_rooms, dk_rats_in_the_wall, uniq_prince_ribbit1,
          uniq_eustachio, uniq_pikel
D:6:      layout_loops_ring
D:7:      layout_cave_pools, minitemple
D:8:      layout_layer_cave, blue_anna_alchemist, uniq_erica
D:9:      layout_cave_pools, kennysheep_generic_room_4
D:10:     layout_basic, mainiacjoe_overflow_catwalk_spiral, david_lair_shrubbed
D:11:     layout_gridville, orc_0_dummy
Temple:   hc_temple_tempest_star

Skill      XL: |  1  2  3  4  5  6  7  8  9 10 11 |
---------------+----------------------------------+-----
Transmutations | 2 3 4 7 8 |  8.0
Unarmed Combat | 3 4 5 8 10 13 | 13.2
Spellcasting   | 3 4 7 |  7.0
Fighting       | 6 |  6.3
Dodging        | 6 |  6.0
Shields        | |  0.7
Poison Magic   | |  0.3

Action                   |  1- 3 |  4- 6 |  7- 9 | 10-12 || total
-------------------------+-------+-------+-------+-------++-------
Melee: Unarmed           |    90 |   186 |   217 |   302 ||   795
       Kick              |     7 |    23 |     3 |     6 ||    39
       Headbutt          |     3 |    17 |     2 |     3 ||    25
       Punch             |       |     2 |       |       ||     2
       Touch             |       |       |     2 |     4 ||     6
 Cast: Beastly Appendage |     8 |    23 |     3 |     3 ||    37
       Wereblood         |     3 |     2 |     8 |    13 ||    26
       Spider Form       |       |     3 |     3 |     7 ||    13
       Ice Form          |       |       |    19 |    21 ||    40
Invok: Potion Petition   |       |       |       |     1 ||     1
Evoke: Wand              |       |       |       |     2 ||     2
  Use: Scroll            |     5 |     6 |     5 |     9 ||    25
       Potion            |     1 |       |     1 |     5 ||     7
 Stab: Sleeping          |       |     1 |       |       ||     1
       Distracted        |       |       |     1 |       ||     1
Armor: Robe              |    57 |    56 |     5 |    15 ||   133
       Skin              |       |     4 |    83 |   105 ||   192
Dodge: Dodged            |    59 |   114 |   143 |   158 ||   474
Block: Other             |       |    16 |    43 |    47 ||   106

Table legend: (Time is in decaauts)
 A = Elapsed time spent in this place.
 B = Non-inter-level travel time spent in this place.
 C = Inter-level travel time spent in this place.
 D = Time resting spent in this place.
 E = Time spent auto-exploring this place.
 F = Levels seen in this place.
 G = Mean time per level.
                   A        B        C        D        E       F      G
               +--------+--------+--------+--------+--------+-----+--------+
         Total |  12103 |  11723 |    380 |   1056 |   8651 |  12 | 1008.6 |
       Dungeon |  11760 |  11407 |    353 |   1056 |   8353 |  11 | 1069.1 |
        Temple |    342 |    315 |     27 |      0 |    298 |   1 |  342.0 |
               +--------+--------+--------+--------+--------+-----+--------+

Top non-repeatable levels by time:
    D:10: 1510 daAuts
     D:8: 1419 daAuts
     D:2: 1344 daAuts
     D:4: 1190 daAuts
    D:11: 1089 daAuts
     D:6: 1036 daAuts
     D:3: 926 daAuts
     D:1: 886 daAuts
     D:7: 865 daAuts
     D:5: 829 daAuts
     D:9: 661 daAuts
  Temple: 342 daAuts
